 Dungeon Sprint DCSS version 0.22-a0-614-g34fbaa0 (webtiles) character file.

109 Krakonus1 the Basher (level 4, -1/72 HPs)
             Began as an Ogre Berserker on July 20, 2018.
             Was a Priest of Trog.
             Slain by a phantom (7 damage)
             ... in the Dungeon (Sprint IX: "|||||||||||||||||||||||||||||").
             The game lasted 00:00:46 (39 turns).

Krakonus1 the Basher (Ogre Berserker)                 Turns: 39, Time: 00:00:46

Health: -1/72      AC:  3    Str: 27    XL:     4   Next: 90%
Magic:  4/4        EV: 10    Int:  8    God:    Trog [***...]
Gold:   0          SH:  0    Dex:  8    Spells: 3/3 levels left

rFire    . . .     SeeInvis .   a - +0 mace
rCold    . . .     Gourm    .   (no shield)
rNeg     . . .     Faith    .   b - +0 animal skin
rPois    .         Spirit   .   (helmet restricted)
rElec    .         Reflect  .   (no cloak)
rCorr    .         Harm     .   (gloves unavailable)
MR       .....     NoTele   +   (boots unavailable)
Stlth    ..........             (no amulet)
HPRegen  0.22/turn              (no ring)
MPRegen  0.09/turn              (no ring)

@: berserking (expiring), very quick
A: large, unfitting armour, tough skin 1
a: Berserk, Trog's Hand, Renounce Religion


You were in the Dungeon.
You worshipped Trog.
Trog was most pleased with you.
You were not hungry.

You visited 1 branch

Inventory:

Hand Weapons
 a - a +0 mace (weapon)
Armour
 b - a +0 animal skin (worn)
Scrolls
 i - a scroll of blinking
Potions
 d - a potion of curing
 e - a potion of heal wounds
 f - a potion of haste
 g - 2 potions of magic
 h - a potion of berserk rage
Comestibles
 c - a ration
 j - 5 chunks of flesh


   Skills:
 - Level 4.0 Fighting
 * Level 8.9 Maces & Flails
 - Level 2.6 Dodging


You had 3 spell levels left.
You didn't know any spells.
Your spell library was empty.

Dungeon Overview and Level Annotations

Branches:
Dungeon (1/1)

Altars:


Innate Abilities, Weirdness & Mutations

You are too large for most types of armour.
You have tough skin. (AC +1)


Message History

Trog accepts your kill.
Your Maces & Flails skill gained 3 levels and is now at level 8!
You have reached level 3!
Your experience leads to an increase in your attributes!
Your base attributes are Str 20, Int 8, Dex 8.
Increase (S)trength, (I)ntelligence, or (D)exterity?
You feel stronger. x2
You have reached level 4!
The frilled lizard unfolds its giant frill.
You are too berserk!
You are too berserk!
You sock the phantom!
The phantom is lightly damaged.
You closely miss the phantom.
The phantom is lightly damaged.
The phantom hits you but does no damage.
You hit the phantom.
The phantom is moderately damaged.
The phantom hits you!
You die... ▓▓▓▓▓▓▓▓▓▓▓▓▓▓▓▓▓▓ ▓<...')...@Whl...+ ▓▓▓▓▓▓▓▓▓▓▓▓▓▓▓▓▓▓

You could see a phantom, a hound and a frilled lizard.

Vanquished Creatures
  An ice beast (D)
  An ooze (D)
  A dart slug (D)
  3 goblins (D)
  A rat (D)
7 creatures vanquished.

Notes
Turn   | Place    | Note
-------+----------+-------------------------------------------
     0 | D        | Krakonus1 the Ogre Berserker began the quest for the Orb.
     0 | D        | Reached XP level 1. HP: 24/24 MP: 1/1
     9 | D        | Reached skill level 3 in Maces & Flails
    10 | D        | Reached skill level 4 in Maces & Flails
    12 | D        | Reached ** piety under Trog
    17 | D        | Reached XP level 2. HP: 12/32 MP: 2/2
    28 | D        | Noticed an ice beast
    28 | D        | Noticed a phantom
    31 | D        | Reached skill level 5 in Maces & Flails
    33 | D        | HP: 3/48 [ice beast (14)]
    35 | D        | Killed an ice beast
    35 | D        | Reached *** piety under Trog
    35 | D        | Reached skill level 8 in Maces & Flails
    35 | D        | Reached XP level 3. HP: 4/39 MP: 3/3
    35 | D        | Reached XP level 4. HP: 5/48 MP: 4/4
    39 | D        | Slain by a phantom

Vault maps used:
D:        linesprint

Skill      XL: |  1  2 |
---------------+-------+-----
Maces & Flails | 4 8 |  8.9
Fighting       | |  4.0
Dodging        | |  2.6

Action                   |  1- 3 |  4- 6 || total
-------------------------+-------+-------++-------
Melee: Mace              |    19 |     3 ||    22
Invok: Berserk           |     1 |       ||     1
Armor: Animal skin       |     1 |     1 ||     2
Dodge: Dodged            |     5 |       ||     5

Table legend:
 A = Spawn XP
 B = Non-spawn XP
 C = Spawn XP percentage of total XP
 D = Spawn monster count
 E = Non-spawn monster count
 F = Spawn count percentage of total count
 G = Total turns spent on level
                    A         B        C        D         E        F      G
               +---------+---------+-------+---------+---------+-------+---------
         Total |       0 |     157 |   0.0 |       0 |       7 |   0.0 |    39
               +---------+---------+-------+---------+---------+-------+---------
             D |       0 |     157 |   0.0 |       0 |       7 |   0.0 |    39
               +---------+---------+-------+---------+---------+-------+---------
